 Dungeon Crawl Stone Soup version 0.23-a0-395-gcf17ac6 (webtiles) character file.

112 Azzok the Firebug (level 4, -1/30 HPs)
             Began as a Demonspawn Fire Elementalist on Nov 1, 2018.
             Slain by a gnoll
             ... wielding a +0 spear
              (10 damage)
             ... on level 3 of the Dungeon.
             The game lasted 00:03:28 (2885 turns).

Azzok the Firebug (Demonspawn Fire Elementalist)    Turns: 2885, Time: 00:03:29

Health: -1/30      AC:  2    Str:  8    XL:     4   Next: 63%
Magic:  3/7        EV: 11    Int: 18    God:
Gold:   145        SH:  3    Dex: 15    Spells: 3/7 levels left

rFire    . . .     SeeInvis .   i - +2 dagger (speed)
rCold    . . .     Gourm    .   (no shield)
rNeg     . . .     Faith    .   a - +0 robe
rPois    .         Spirit   .   (no helmet)
rElec    .         Reflect  +   (no cloak)
rCorr    .         Harm     .   (no gloves)
MR       .....                  (no boots)
Stlth    ++........             k - +3 amulet of reflection
HPRegen  0.10/turn              (no ring)
MPRegen  0.10/turn              (no ring)

@: drained
A: thin skeletal structure 1
a: no special abilities


You were on level 3 of the Dungeon.
You were hungry.

You visited 1 branch of the dungeon, and saw 3 of its levels.

You collected 145 gold pieces.

Inventory:

Hand Weapons
 i - a +2 dagger of speed (weapon)
Armour
 a - a +0 robe (worn)
Jewellery
 k - a +3 amulet of reflection (around neck)
Scrolls
 b - a scroll of amnesia {unknown}
 e - 2 scrolls of teleportation {unknown}
 g - 7 scrolls of identify {unknown}
 h - 2 scrolls of blinking {unknown}
 l - a scroll of noise {unknown}
 p - a scroll of magic mapping {unknown}
Potions
 d - 2 potions of ambrosia {unknown}
 f - a potion of brilliance {unknown}
 j - a potion of degeneration {unknown}
 m - a potion of heal wounds {unknown}
 o - a potion of lignification {unknown}
Comestibles
 c - 7 rations


   Skills:
 - Level 1.7(0.8) Dodging
 - Level 1.7(0.8) Stealth
 - Level 2.0(1.0) Spellcasting
 + Level 3.2(2.3) Conjurations
 + Level 4.0(3.0) Fire Magic


You had 3 spell levels left.
You knew the following spells:

 Your Spells              Type           Power        Failure   Level  Hunger
a - Flame Tongue          Conj/Fire      ##...        7%          1    ##.....
b - Conjure Flame         Conj/Fire      ##......     21%         3    ####...

Your spell library contained the following spells:

 Spells                   Type           Power        Failure   Level  Hunger
 Throw Flame              Conj/Fire      ##....       10%         2    ###....
 Inner Flame              Hex/Fire       #.......     32%         3    ####...
 Sticky Flame             Conj/Fire      ##......     54%         4    #####..
 Fireball                 Conj/Fire      ##........   88%         5    ######.


Dungeon Overview and Level Annotations

Branches:
Dungeon (3/15)

Altars:
Dithmenos
Elyvilon


Innate Abilities, Weirdness & Mutations

You have a somewhat thin skeletal structure. (Dex +2, Stealth)


Message History

The flame tongue hits the gnoll.
The gnoll appears unharmed.
The gnoll is moderately wounded.
A gnoll comes into view. It is wielding a +0 spear.
The gnoll hits you!
A hobgoblin comes into view. It is wielding a +0 club.
Casting: Flame Tongue (safe; 7% risk of failure)
Confirm with . or Enter, or press ? or * to list all spells.
Aiming: Flame Tongue (safe; 7% risk of failure)
Press: ? - help, Shift-Dir - straight line, f/p - gnoll
Aim: a gnoll (moderately wounded)
The flame tongue hits the gnoll.
The gnoll is moderately wounded.
The gnoll shouts!
The hobgoblin shouts!
You hear a shout! x2
The gnoll hits you!
* * * LOW HITPOINT WARNING * * *
Things that are here:
a +0 dagger; a +0 robe The gnoll closely misses you.
The gnoll hits you from afar with a +0 spear!
You die...

▒[···▒ ···· ▒·▒▒▒▒
····· ▒·▒▒▒▒g·····
▒·)········· ··
▒g▒▒▒▒······ ·▒ ▒·▒
▒▒▒▒▒ ·▒ ▒▒g▒▒
▒▒▒▒▒▒▒▒·▒
▒··g▒▒▒▒▒▒▒†·····▒·▒
▒···@·······▒▒▒▒·▒·▒
▒···▒▒▒·▒·▒·▒▒▒▒·▒·▒
▒▒▒▒▒ ▒·▒·▒·▒▒·····▒
▒·▒·▒·▒▒)▒·▒▒▒
▒·▒·····<▒·▒
▒·▒▒▒<·····▒
▒·····▒▒▒▒▒▒ ▒▒▒▒▒▒▒


You could see 2 gnolls.

Vanquished Creatures
  An orc wizard (D:3)
  A gnoll (D:1)
  An adder (D:2)
  An ooze (D:2)
  2 worms (D:2)
  A dart slug (D:2)
  A leopard gecko (D:1)
  An orc (D:3)
  A ball python (D:2)
  3 giant cockroaches
  6 goblins
  4 hobgoblins
  6 jackals (D:2)
  5 bats
  2 frilled lizards
  8 kobolds
  6 rats
50 creatures vanquished.

Notes
Turn   | Place    | Note
-------+----------+-------------------------------------------
     0 | D:1      | Azzok the Demonspawn Fire Elementalist began the quest for
                  | the Orb.
     0 | D:1      | Reached XP level 1. HP: 13/13 MP: 3/3
   268 | D:1      | Reached skill level 3 in Fire Magic
   302 | D:1      | Gained mutation: You have a somewhat thin skeletal
                  | structure. (Dex +2, Stealth) [demonic ancestry]
   302 | D:1      | Reached XP level 2. HP: 19/19 MP: 3/5
   885 | D:1      | Reached XP level 3. HP: 24/24 MP: 2/6
  1686 | D:2      | Found a shadowy altar of Dithmenos.
  2175 | D:2      | Reached XP level 4. HP: 30/30 MP: 3/7
  2724 | D:3      | Learned a level 3 spell: Conjure Flame
  2751 | D:3      | Found a white marble altar of Elyvilon.
  2864 | D:3      | Reached skill level 4 in Fire Magic
  2885 | D:3      | Slain by a gnoll

Vault maps used:
D:1:      lightli_arrival_chessboard, serial_curves, eino_curves_02,
          eino_curves_03, eino_curves_04, eino_curves_04, minivault_27,
          hangedman_abyss_or_decor_lesser_grid
D:2:      lemuel_coloured_pillars_altar
D:3:      nicolae_overflow_crystal_walls, first_ration

Skill      XL: |  1  2  3  4 |
---------------+-------------+-----
Fire Magic     | 3 4 |  4.0
Conjurations   | 2 3 |  3.2
Dodging        | |  1.7
Stealth        | |  1.7
Spellcasting   | |  2.0

Action                   |  1- 3 |  4- 6 || total
-------------------------+-------+-------++-------
Melee: Unarmed           |    12 |       ||    12
       Short sword       |     4 |       ||     4
       Dagger            |    37 |       ||    37
 Cast: Flame Tongue      |    58 |    29 ||    87
 Stab: Sleeping          |     1 |       ||     1
  Eat: Chunk             |     5 |     3 ||     8
Armor: Robe              |    12 |     1 ||    13
Dodge: Dodged            |    42 |     2 ||    44
Block: Other             |     2 |     1 ||     3

Table legend:
 A = Non-vault XP
 B = Vault XP
 C = Vault XP percentage of total XP
 D = Non-vault monster count
 E = Vault monster count
 F = Vault count percentage of total count
                 A         B        C        D         E       F
            +---------+---------+-------+---------+---------+-------
      Total |     160 |       0 |   0.0 |      50 |       0 |   0.0
            +---------+---------+-------+---------+---------+-------
        D:1 |      48 |       0 |   0.0 |      22 |       0 |   0.0
        D:2 |      63 |       0 |   0.0 |      22 |       0 |   0.0
        D:3 |      49 |       0 |   0.0 |       6 |       0 |   0.0
            +---------+---------+-------+---------+---------+-------
